 Dungeon Crawl Stone Soup version 0.25-a0-424-g80bd347ae0 (webtiles) character file.

Game seed: 984218659864150996, levelgen mode: deterministic

5 Kohma the Shield-Bearer (level 1, 0/14 HPs)
             Began as a Gargoyle Fighter on Jan 21, 2020.
             Slain by a kobold
             ... wielding a +1 dagger of distortion
              (4 damage)
             ... on level 1 of the Dungeon.
             The game lasted 00:01:31 (94 turns).

Kohma the Shield-Bearer (Gargoyle Fighter)            Turns: 94, Time: 00:01:32

Health: 0/14       AC:  9    Str: 19    XL:     1   Next: 80%
Magic:  1/1        EV:  7    Int:  8    God:
Gold:   15         SH:  9    Dex:  9    Spells: 0/0 levels left

rFire    . . .     SeeInvis .   a - +0 flail
rCold    . . .     Gourm    .   c - +0 shield
rNeg     + . .     Faith    .   b - +0 scale mail
rPois    ∞         Spirit   .   (no helmet)
rElec    +         Reflect  .   (no cloak)
rCorr    .         Harm     .   (no gloves)
MR       .....                  (no boots)
Stlth    ..........             (no amulet)
HPRegen  0.04/turn              (no ring)
MPRegen  0.07/turn              (no ring)

@: no status effects
A: negative energy resistance 1, electricity resistance, unbreathing,
petrification resistance, rot immunity, AC +2
a: no special abilities


You were on level 1 of the Dungeon.
You were not hungry.

You visited 1 branch of the dungeon, and saw 1 of its levels.

You collected 15 gold pieces.

Inventory:

Hand Weapons
 a - a +0 flail (weapon)
Armour
 b - a +0 scale mail (worn)
 c - a +0 shield (worn)
Scrolls
 e - a scroll of amnesia {unknown}
 h - a scroll of magic mapping {unknown}
Potions
 d - a potion of might
Comestibles
 f - a ration
 g - 2 chunks of flesh


   Skills:
 - Level 3.2 Fighting
 * Level 2.3 Maces & Flails
 - Level 3.2 Armour
 + Level 3.4 Shields


You couldn't memorise any spells.
You didn't know any spells.
Your spell library was empty.

Dungeon Overview and Level Annotations

Branches:
Dungeon (1/15)

Altars:


Innate Abilities, Weirdness & Mutations

You are resistant to torment.
Your stone body is resilient. (AC +2)
You are immune to poison.
You resist negative energy. (rN+)
You are resistant to electric shocks. (rElec)
You can survive without breathing.
You are immune to petrification.
You are immune to rotting.


Message History

The kobold barely misses you.
You miss the kobold. You block the hobgoblin's attack.
The kobold completely misses you.
The kobold hits you with a +1 dagger of distortion.
The hobgoblin barely misses you.
You hit the kobold but do no damage. You block the kobold's attack. x2
The hobgoblin hits you but does no damage.
The kobold hits you but does no damage. x2; Space bends around you.
You closely miss the kobold. The kobold hits you but does no damage.
The hobgoblin hits you but does no damage.
The kobold hits you but does no damage. Space bends around you.
* * * LOW HITPOINT WARNING * * *
You barely miss the kobold. The kobold hits you but does no damage.
The kobold barely misses you. The hobgoblin barely misses you.
The kobold hits you but does no damage. You block the kobold's attack.
You barely miss the kobold.
The hobgoblin hits you but does no damage.
You block the kobold's attack. The kobold hits you but does no damage.
Space bends around you.
You die...

................##
................##
.............###..
#######......# #..
###########.>....# #..
#...............## #..
#...............# #..
#####...K...........#
#..
......†.g@.(........#
#..
.......†K...........#
#..
.........######.......
### .........#
###...##. ..........
....# ....###....
#.>.. .... #.... ..
... #..!..


You could see a hobgoblin and 2 kobolds.

Vanquished Creatures
  A giant cockroach (D:1)
  A goblin (D:1)
  A hobgoblin (D:1)
  A frilled lizard (D:1)
  A rat (D:1)
5 creatures vanquished.

Notes
Turn   | Place    | Note
-------+----------+-------------------------------------------
     0 | D:1      | Kohma the Gargoyle Fighter began the quest for the Orb.
     0 | D:1      | Reached XP level 1. HP: 14/14 MP: 1/1
    94 | D:1      | Slain by a kobold

Levels and vault maps discovered:
D:1:      lightli_arrival_boilingwater, layout_basic, minmay_misc_feat_ornament

Action                   || total
-------------------------++-------
Melee: Flail             ||    26
Armor: Scale mail        ||    27
Dodge: Dodged            ||    14
Block: Shield            ||    21

Table legend:
 A = Non-vault XP
 B = Vault XP
 C = Vault XP percentage of total XP
 D = Non-vault monster count
 E = Vault monster count
 F = Vault count percentage of total count
                 A         B        C        D         E       F
            +---------+---------+-------+---------+---------+-------
      Total |       8 |       0 |   0.0 |       5 |       0 |   0.0
            +---------+---------+-------+---------+---------+-------
        D:1 |       8 |       0 |   0.0 |       5 |       0 |   0.0
            +---------+---------+-------+---------+---------+-------
